 Dungeon Crawl Stone Soup version 0.28.0-47-ge53b351184 (webtiles) character file.

Game seed: 6605592333865016217

1534 Peloso the Carver (level 8, -9/70 HPs)
             Began as a Minotaur Fighter on May 7, 2022.
             Mangled by an orc warrior
             ... wielding a +1 vorpal dire flail
              (13 damage)
             ... on level 6 of the Dungeon.
             The game lasted 00:06:15 (6286 turns).

Peloso the Carver (Minotaur Fighter)                Turns: 6286, Time: 00:06:16

Health: -9/70      AC: 13    Str: 20    XL:     8   Next: 55%
Magic:  7/7        EV:  6    Int:  5    God:
Gold:   536        SH:  5    Dex: 13    Spells: 7/7 levels left

rFire   . . .      SeeInvis .   a - +0 long sword
rCold   . . .      Faith    .   c - +0 buckler
rNeg    . . .      Spirit   .   s - +0 plate armour
rPois   .          Reflect  .   (helmet restricted)
rElec   .          Harm     .   (no cloak)
rCorr   .          Rampage  .   (no gloves)
Will    .....                   (no boots)
Stlth   ..........              (no amulet)
HPRegen 0.21/turn               (no ring)
MPRegen 0.10/turn               (no ring)

@: no status effects
A: horns 2, retaliatory headbutt
a: no special abilities


You were on level 6 of the Dungeon.
You visited 1 branch of the dungeon, and saw 6 of its levels.

You collected 536 gold pieces.

Inventory:

Hand Weapons
 a - a +0 long sword (weapon)
Armour
 b - a +0 scale mail
 c - a +0 buckler (worn)
 s - a +0 plate armour (worn)
Jewellery
 g - a ring of fire
Wands
 l - a wand of flame (25)
 r - a wand of digging (7)
 t - a wand of charming (12)
 v - a wand of iceblast (5)
Scrolls
 e - 4 scrolls of teleportation {unknown}
 i - a scroll of vulnerability {unknown}
 j - 3 scrolls of blinking {unknown}
 m - a scroll of immolation {unknown}
 n - a scroll of noise {unknown}
 p - 4 scrolls of identify {unknown}
 q - a scroll of brand weapon {unknown}
 w - a scroll of enchant weapon {unknown}
 x - a scroll of fog {unknown}
Potions
 d - a potion of might
 f - 2 potions of curing
 h - 3 potions of flight {unknown}
 k - 2 potions of haste {unknown}
 o - a potion of mutation {unknown}
 u - a potion of ambrosia {unknown}


   Skills:
 + Level 6.2 Fighting
 + Level 8.2 Long Blades
 + Level 8.0 Armour
 + Level 2.1 Dodging
 + Level 5.8 Shields


You had 7 spell levels left.
You didn't know any spells.
Your spell library contained the following spells:

 Spells                   Type           Power      Damage    Failure   Level
 Sandblast                Erth           0%         2d4       100%        1
 Passwall                 Tmut/Erth      0%         N/A       100%        2
 Dazzling Flash           Conj/Hex       0%         N/A       100%        3
 Stone Arrow              Conj/Erth      0%         3d7       100%        3
 Iskenderun's Mystic Bla  Conj/Tloc      0%         2d3       100%        4
 Starburst                Conj/Fire      0%         6d3       100%        6
 Malign Gateway           Summ/Tloc      0%         N/A       100%        7
 Summon Horrible Things   Summ           0%         N/A       100%        8


Dungeon Overview and Level Annotations

Branches:
Dungeon (6/15)
 Temple: D:4-7

Altars:

Shops:
D:6 (


Innate Abilities, Weirdness & Mutations

You have a pair of horns on your head.
You reflexively headbutt those who attack you in melee.


Message History

You now have 511 gold pieces (gained 15).
You now have 525 gold pieces (gained 14).
You now have 536 gold pieces (gained 11).
You open the door.
An orc warrior comes into view. It is wielding a +1 vorpal dire flail.
The orc warrior shouts!
Found 19 gold pieces.
An orc warrior is nearby!
Found a short sword.
There is an open door here.
You barely miss the orc warrior. You block the orc warrior's attack.
You barely miss the orc warrior.
The orc warrior hits you with a +1 vorpal dire flail!
You hit the orc warrior but do no damage.
The orc warrior hits you with a +1 vorpal dire flail!
You hit the orc warrior.
The orc warrior is moderately wounded.
The orc warrior closely misses you. You furiously retaliate!
You headbutt the orc warrior.
You hit the orc warrior but do no damage.
The orc warrior is moderately wounded.
The orc warrior hits you with a +1 vorpal dire flail!
You closely miss the orc warrior. Your headbutt misses the orc warrior.
The orc warrior is moderately wounded.
The orc warrior hits you but does no damage.
You closely miss the orc warrior.
The orc warrior is moderately wounded.
The orc warrior hits you with a +1 vorpal dire flail!
You slash the orc warrior!
The orc warrior is severely wounded.
The orc warrior hits you with a +1 vorpal dire flail!
* * * LOW HITPOINT WARNING * * *
x2 You hit the orc warrior.
The orc warrior is severely wounded.
The orc warrior hits you with a +1 vorpal dire flail!
* * * LOW HITPOINT WARNING * * *
x2 You hit the orc warrior but do no damage.
The orc warrior is severely wounded.
The orc warrior hits you with a +1 vorpal dire flail!
You die...

.##
#.........#.#######.....⌠.⌠
..#
#.........#..........##8.8.
..#
####################.######
..# ## ## ### #.# #. .# #.#
##.#.## #.# ##.$$$.## #.#
#).#o#..# #.# #...@...+
#.##############'#####
..............##.....#
#.###########.##.....##
#.##........#)#..#.#..#
#.##.######.#.#...#...########
#.##.#.####.#.#..#.#..'......+
#.##.#......#.##.....####'####
#.##.#.######.###...##....##


You could see an orc warrior.

Vanquished Creatures
  A water moccasin (D:6)
  2 sky beasts
  A black bear (D:6)
  3 phantoms (D:4)
  3 centaurs
  A bullfrog (D:6)
  A scorpion (D:5)
  2 wyvern skeletons
  A bullfrog zombie (D:6)
  A centaur zombie (D:6)
  A centaur skeleton (D:5)
  2 hounds (D:4)
  A bullfrog skeleton (D:5)
  An orc priest (D:3)
  An orc wizard (D:3)
  2 iguanas
  4 adders
  A gnoll (D:3)
  A shadow imp (D:6)
  A white imp (D:6)
  2 ufetubi (D:5)
  2 dart slugs
  4 worms
  13 orcs
  4 bats
  5 endoplasms
  4 giant cockroaches
  7 goblins
  10 hobgoblins
  8 jackals
  13 kobolds
  10 ball pythons
  3 frilled lizards
  10 rats
126 creatures vanquished.

Vanquished Creatures (others)
  A fungus (D:1)
  4 plants (D:1)
5 creatures vanquished.

Grand Total: 131 creatures vanquished

Notes
Turn   | Place    | Note
-------+----------+-------------------------------------------
     0 | D:1      | Peloso the Minotaur Fighter began the quest for the Orb.
     0 | D:1      | Reached XP level 1. HP: 19/19 MP: 0/0
   372 | D:1      | Reached XP level 2. HP: 22/27 MP: 1/1
   540 | D:1      | Found a faded altar of an unknown god.
  1013 | D:1      | Reached XP level 3. HP: 32/33 MP: 2/2
  1693 | D:2      | Reached XP level 4. HP: 29/40 MP: 3/3
  2234 | D:3      | Reached skill level 1 in Dodging
  2246 | D:3      | Reached skill level 5 in Armour
  2246 | D:3      | Reached XP level 5. HP: 47/47 MP: 4/4
  2719 | D:4      | Noticed a phantom
  2858 | D:4      | Killed a phantom
  2859 | D:4      | Reached XP level 6. HP: 35/53 MP: 5/5
  2990 | D:4      | Reached skill level 5 in Long Blades
  3705 | D:5      | Entered Level 5 of the Dungeon
  3719 | D:5      | Reached XP level 7. HP: 60/60 MP: 6/6
  3930 | D:5      | Reached skill level 5 in Fighting
  4100 | D:5      | Reached skill level 5 in Shields
  5012 | D:6      | Reached XP level 8. HP: 67/70 MP: 7/7
  5294 | D:6      | Found Aceumoad's Weapon Shop.
  6286 | D:6      | Mangled by an orc warrior

Illustrated notes

Levels and vault maps discovered:
D:1:      roderic_crossed_star, layout_basic,
          shapermc_ecumenical_altar_mp_ritualfount
D:2:      layout_basic, minmay_box_of_dots
D:3:      wad_pebble_path, layout_rooms, st_stairs_12, minmay_pentomino_pile
D:4:      layout_cave_pools
D:5:      layout_basic
D:6:      minmay_polygon_palace, layout_basic, serial_shops,
          nicolae_shop_temple_entry_statues_fountains

Skill      XL: |  1  2  3  4  5  6  7  8 |
---------------+-------------------------+-----
Shields        | 4 5 |  5.8
Armour         | 4 5 6 8 |  8.0
Long Blades    | 3 4 5 7 8 |  8.2
Fighting       | 4 5 6 |  6.2
Dodging        | 1 2 |  2.1

Action                   |  1- 3 |  4- 6 |  7- 9 || total
-------------------------+-------+-------+-------++-------
Melee: Long sword        |   109 |   136 |   124 ||   369
       Headbutt          |    11 |    14 |    24 ||    49
  Use: Potion            |       |     2 |       ||     2
Armor: Scale mail        |    66 |    49 |       ||   115
       Plate armour      |       |     2 |   108 ||   110
Dodge: Dodged            |    65 |    58 |    41 ||   164
Block: Buckler           |    41 |    40 |    46 ||   127
